 Dungeon Crawl Stone Soup version 0.31.0-1-g2c135a008e (webtiles) character file.

Game seed: 7217161072201908707

319 qw the Shooter (level 6, -1/46 HPs)
             Began as a Djinni Hunter on Jan 24, 2024.
             Slain by Edmund
             ... wielding a +4 flail of protection
              (13 damage)
             ... on level 4 of the Dungeon.
             The game lasted 00:00:09 (1948 turns).

qw the Shooter (Djinni Hunter)                      Turns: 1948, Time: 00:00:10

Health: -1/46      AC:  5    Str: 10    XL:     6   Next: 75%
Gold:   40         EV: 11    Int: 11    God:
                   SH:  0    Dex: 18

rFire   + + .        a - +0 shortbow
rCold   x . .        (shield currently unavailable)
rNeg    . . .        i - +0 ring mail
rPois   inf          (no helmet)
rElec   .            (no cloak)
rCorr   .            (no gloves)
SInv    .            (boots unavailable)
Will    .....        f - amulet of regeneration
Stlth   +            (no ring)
HPRegen 1.07/turn    (no ring)
MPRegen 0.00/turn

%: infuse magic (-2 HP)
@: about to teleport, flying
A: sickness immunity, fire resistance 2, cold vulnerability 1, float, innate
caster, HP casting, extra vitality 1
a: no special abilities


You were on level 4 of the Dungeon.
You visited 1 branch of the dungeon, and saw 4 of its levels.

You collected 136 gold pieces.
You spent 96 gold pieces at shops.


Innate Abilities, Weirdness & Mutations

You are immune to sickness and miasma.
You are immune to poison.
Your flesh is very heat resistant. (rF++)
You are vulnerable to cold. (rC-)
You float through the air rather than walking.
You learn spells naturally, not from books.
Your magical power is your life essence.
You have superior vitality. (+4 MHP)


   Skills:
 + Level 3.4 Fighting
 - Level 5.0 Ranged Weapons
 - Level 2.3 Armour
 - Level 3.0 Dodging
 - Level 0.7 Stealth


You knew the following spells:

 Your Spells              Type           Power      Damage    Failure   Level
a - Necrotise             Necr           0%         1d4       65%         1
b - Lesser Beckoning      Tloc           0%         N/A       80%         2
Your spell library was empty.

Inventory:

Hand Weapons
 a - a +0 shortbow (weapon)
Armour
 i - a +0 ring mail (worn)
Jewellery
 f - an amulet of regeneration (around neck)
Wands
 b - a wand of flame (23) (quivered)
Scrolls
 d - 4 scrolls of identify
 k - 2 scrolls of teleportation
Potions
 c - a potion of heal wounds {unknown}
 g - a potion of cancellation
 h - a potion of resistance

Dungeon Overview and Level Annotations

Branches:
Dungeon (4/15)
 Temple: D:4-7

Altars:

Shops:
D:3 =??

Annotations:
D:4 Edmund


Message History

Aiming: Throw Flame
Press: ? - help, Q - select action, (/) - cycle Shift-Dir - straight line, f/p - Edmund The puff of flame hits Edmund.
Edmund is heavily wounded.
Edmund hits you with a +4 flail of protection!
1943 ||| ZAPPING wand of flame (28) at -1,0 (Edmund; open_door).
Aiming: Throw Flame
Press: ? - help, Q - select action, (/) - cycle Shift-Dir - straight line, f/p - Edmund The puff of flame hits Edmund but does no damage.
Edmund is heavily wounded.
Edmund barely misses you.
1944 ||| ZAPPING wand of flame (27) at -1,0 (Edmund; open_door).
Aiming: Throw Flame
Press: ? - help, Q - select action, (/) - cycle Shift-Dir - straight line, f/p - Edmund The puff of flame hits Edmund but does no damage.
Edmund is heavily wounded.
Edmund hits you with a +4 flail of protection!
1945 ||| ZAPPING wand of flame (26) at -1,0 (Edmund; open_door).
Aiming: Throw Flame
Press: ? - help, Q - select action, (/) - cycle Shift-Dir - straight line, f/p - Edmund The puff of flame misses Edmund.
Edmund hits you with a +4 flail of protection!
1946 ||| ZAPPING wand of flame (25) at -1,0 (Edmund; open_door).
Aiming: Throw Flame
Press: ? - help, Q - select action, (/) - cycle Shift-Dir - straight line, f/p - Edmund The puff of flame hits Edmund but does no damage.
Edmund is heavily wounded.
Edmund hits you with a +4 flail of protection.
1947 ||| READING 3 scrolls of teleportation.
As you read the scroll of teleportation, it crumbles to dust.
You feel strangely unstable. Edmund barely misses you.
1948 ||| ZAPPING wand of flame (24) at -1,0 (Edmund; open_door).
Aiming: Throw Flame
Press: ? - help, Q - select action, (/) - cycle Shift-Dir - straight line, f/p - Edmund The puff of flame hits Edmund but does no damage.
Edmund is heavily wounded.
Edmund hits you with a +4 flail of protection!
You die...
Edmund says, "That'll show my brother!"

.............#
#######..###.# .
##.## .#..
##..####....
#...........
#..#.........
#.##.##.%.)...:.
#....##.........
###>.@@........
####.........
#.).......
#.........
#.........
#.........
#........
###......


You could see Edmund.

Vanquished Creatures
  An ogre (D:4)
  A bombardier beetle (D:4)
  A jelly (D:3)
  An orc wizard (D:3)
  4 gnolls (D:3)
  3 adders (D:2)
  A ribbon worm (D:2)
  A dart slug (D:1)
  3 orcs (D:3)
  7 bats
  7 endoplasms
  6 giant cockroaches
  7 goblins
  4 hobgoblins
  6 jackals
  6 kobolds
  3 quokkas (D:2)
  5 ball pythons
  A frilled lizard (D:1)
  5 rats
73 creatures vanquished.

Notes
Turn   | Place    | Note
-------+----------+-------------------------------------------
     0 | D:1      | qw the Djinni Hunter began the quest for the Orb.
     0 | D:1      | Reached XP level 1. HP: 18/18 MP: 0/0
     0 | D:1      | 0 ||| qw: Version: 0.3-a-136-gdd3b4e8
     0 | D:1      | 0 ||| qw: Game counter: 1281
     0 | D:1      | 0 ||| qw: Melee chars always use a shield: true
     0 | D:1      | 0 ||| qw: God list: Okawaru
     0 | D:1      | 0 ||| qw: Allow faded altars: false
     0 | D:1      | 0 ||| qw: Do Orc after clearing Dungeon:15 true
     0 | D:1      | 0 ||| qw: Do second Lair branch before Depths: true
     0 | D:1      | 0 ||| qw: Lair rune preference: random
     0 | D:1      | 0 ||| qw: Goals: Normal
     0 | D:1      | 0 ||| PLANNING D:1-11
    18 | D:1      | Reached XP level 2. HP: 21/23 MP: 0/0
   102 | D:1      | Found a faded altar of an unknown god.
   178 | D:1      | Reached skill level 4 in Ranged Weapons
   178 | D:1      | Reached XP level 3. HP: 28/28 MP: 0/0
   178 | D:1      | Learned a level 1 spell: Necrotise
   379 | D:1      | 379 ||| READING scroll labelled IMEERE ZOEQEOL.
   379 | D:1      | 379 ||| IDENTIFYING inky potion
   380 | D:1      | 380 ||| READING scroll labelled HEHUIM AMILI.
   381 | D:1      | 381 ||| DRINKING 3 purple potions.
   402 | D:1      | 402 ||| DROPPING scroll of butterflies.
   403 | D:1      | 403 ||| DROPPING 2 potions of lignification.
   562 | D:2      | Reached skill level 3 in Fighting
   562 | D:2      | Reached XP level 4. HP: 28/35 MP: 0/0
   583 | D:2      | 583 ||| FLEEEEING.
   844 | D:2      | Reached skill level 3 in Dodging
  1074 | D:2      | 1074 ||| UPGRADING to amulet of regeneration.
  1079 | D:2      | 1079 ||| READING scroll of identify.
  1079 | D:2      | 1079 ||| IDENTIFYING red potion
  1080 | D:2      | 1080 ||| READING scroll labelled ISEDEM URINK.
  1081 | D:2      | 1081 ||| DROPPING potion of degeneration.
  1170 | D:3      | Reached XP level 5. HP: 40/40 MP: 0/0
  1170 | D:3      | Learned a level 2 spell: Lesser Beckoning
  1180 | D:3      | Found Vouwepp's Magic Scroll Shop.
  1187 | D:3      | 1187 ||| BUYING scroll of identify (24 gold).
  1187 | D:3      | Bought a scroll of identify for 24 gold pieces
  1187 | D:3      | 1187 ||| BUYING scroll of identify (24 gold).
  1187 | D:3      | Bought a scroll of identify for 24 gold pieces
  1187 | D:3      | 1187 ||| BUYING scroll of identify (24 gold).
  1187 | D:3      | Bought a scroll of identify for 24 gold pieces
  1187 | D:3      | 1187 ||| BUYING scroll of identify (24 gold).
  1187 | D:3      | Bought a scroll of identify for 24 gold pieces
  1187 | D:3      | 1187 ||| SHOPLISTING scroll of teleportation (36 gold, have
                  | 6).
  1317 | D:3      | 1317 ||| STAIRDANCE
  1321 | D:2      | 1321 ||| READING 6 scrolls of identify.
  1321 | D:2      | 1321 ||| IDENTIFYING fizzy black potion
  1360 | D:3      | Found Ytsisij's Magic Scroll Shop.
  1368 | D:3      | 1368 ||| SHOPLISTING 2 scrolls of teleportation (84 gold,
                  | have 6).
  1368 | D:3      | 1368 ||| SHOPLISTING scroll of enchant weapon (105 gold,
                  | have 6).
  1368 | D:3      | 1368 ||| SHOPLISTING scroll of identify (28 gold, have 6).
  1368 | D:3      | 1368 ||| SHOPLISTING scroll of teleportation (42 gold, have
                  | 6).
  1389 | D:3      | Found Ysieschea's Jewellery Shoppe.
  1395 | D:3      | 1395 ||| SHOPLISTING +4 ring of protection (504 gold, have
                  | 6).
  1395 | D:3      | 1395 ||| SHOPLISTING amulet of reflection (420 gold, have
                  | 6).
  1395 | D:3      | 1395 ||| SHOPLISTING ring of ice (350 gold, have 6).
  1685 | D:3      | 1685 ||| DRINKING glowing inky potion.
  1687 | D:3      | Reached skill level 5 in Ranged Weapons
  1687 | D:3      | Reached XP level 6. HP: 46/46 MP: 0/0
  1760 | D:3      | 1760 ||| UPGRADING to +0 ring mail.
  1770 | D:3      | 1770 ||| DROPPING +0 leather armour.
  1771 | D:3      | 1771 ||| READING 5 scrolls of identify.
  1771 | D:3      | 1771 ||| IDENTIFYING scroll labelled MUMOAC XYTTESI
  1772 | D:3      | 1772 ||| READING 4 scrolls of identify.
  1772 | D:3      | 1772 ||| IDENTIFYING 2 scrolls labelled DOMYCS XUGHE
  1773 | D:3      | 1773 ||| DROPPING scroll of blinking.
  1900 | D:4      | Noticed an ogre
  1901 | D:4      | 1901 ||| ZAPPING wand of flame (50) at 5,7 (ogre; floor).
  1902 | D:4      | 1902 ||| ZAPPING wand of flame (49) at 5,6 (ogre; floor).
  1903 | D:4      | 1903 ||| ZAPPING wand of flame (48) at 5,5 (ogre; floor).
  1904 | D:4      | 1904 ||| ZAPPING wand of flame (47) at 4,4 (ogre; floor).
  1905 | D:4      | 1905 ||| ZAPPING wand of flame (46) at 3,3 (ogre; floor).
  1905 | D:4      | Killed an ogre
  1925 | D:4      | Noticed Edmund
  1926 | D:4      | 1926 ||| ZAPPING wand of flame (45) at -6,-1 (Edmund;
                  | floor).
  1927 | D:4      | 1927 ||| ZAPPING wand of flame (44) at -5,-1 (Edmund;
                  | floor).
  1928 | D:4      | 1928 ||| ZAPPING wand of flame (43) at -4,-1 (Edmund;
                  | floor).
  1929 | D:4      | 1929 ||| ZAPPING wand of flame (42) at -3,0 (Edmund;
                  | stone_stairs_down_i).
  1930 | D:4      | 1930 ||| ZAPPING wand of flame (41) at -2,0 (Edmund;
                  | floor).
  1931 | D:4      | 1931 ||| ZAPPING wand of flame (40) at -1,0 (Edmund;
                  | open_door).
  1932 | D:4      | 1932 ||| ZAPPING wand of flame (39) at -1,0 (Edmund;
                  | open_door).
  1933 | D:4      | 1933 ||| ZAPPING wand of flame (38) at -1,0 (Edmund;
                  | open_door).
  1934 | D:4      | 1934 ||| ZAPPING wand of flame (37) at -1,0 (Edmund;
                  | open_door).
  1935 | D:4      | 1935 ||| ZAPPING wand of flame (36) at -1,0 (Edmund;
                  | open_door).
  1936 | D:4      | 1936 ||| ZAPPING wand of flame (35) at -1,0 (Edmund;
                  | open_door).
  1937 | D:4      | 1937 ||| ZAPPING wand of flame (34) at -1,0 (Edmund;
                  | open_door).
  1938 | D:4      | 1938 ||| ZAPPING wand of flame (33) at -1,0 (Edmund;
                  | open_door).
  1939 | D:4      | 1939 ||| ZAPPING wand of flame (32) at -1,0 (Edmund;
                  | open_door).
  1940 | D:4      | 1940 ||| ZAPPING wand of flame (31) at -1,0 (Edmund;
                  | open_door).
  1941 | D:4      | 1941 ||| ZAPPING wand of flame (30) at -1,0 (Edmund;
                  | open_door).
  1942 | D:4      | 1942 ||| ZAPPING wand of flame (29) at -1,0 (Edmund;
                  | open_door).
  1943 | D:4      | 1943 ||| ZAPPING wand of flame (28) at -1,0 (Edmund;
                  | open_door).
  1944 | D:4      | 1944 ||| ZAPPING wand of flame (27) at -1,0 (Edmund;
                  | open_door).
  1945 | D:4      | 1945 ||| ZAPPING wand of flame (26) at -1,0 (Edmund;
                  | open_door).
  1946 | D:4      | 1946 ||| ZAPPING wand of flame (25) at -1,0 (Edmund;
                  | open_door).
  1946 | D:4      | HP: 10/46 [Edmund/+4 flail of protection (5)]
  1947 | D:4      | 1947 ||| READING 3 scrolls of teleportation.
  1948 | D:4      | 1948 ||| ZAPPING wand of flame (24) at -1,0 (Edmund;
                  | open_door).
  1948 | D:4      | Slain by Edmund

Levels and vault maps discovered:
D:1:      amcnicky_arrival_double_pillar, layout_rooms,
          ebering_ecumenical_altar_webs
D:2:      layout_loops_ring, minmay_pentomino_s2
D:3:      layout_loops_ring, serial_shops, nicolae_shop_pleasant_corner_grove,
          nicolae_diamond_shop, nicolae_shop_just_a_little_nook
D:4:      layout_basic, uniq_edmund, uniq_eustachio

Skill      XL: |  1  2  3  4  5  6 |
---------------+-------------------+-----
Ranged Weapons | 4 5 |  5.0
Fighting       | 3 |  3.4
Dodging        | 3 |  3.0
Armour         | 2 |  2.3
Stealth        | |  0.7

Action                     |  1- 3 |  4- 6 || total
---------------------------+-------+-------++-------
   Fire: Shortbow          |    82 |   148 ||   230
  Evoke: Wand              |       |    27 ||    27
    Use: Scroll            |     2 |     6 ||     8
         Potion            |     1 |     1 ||     2
 Armour: Leather armour    |    24 |    31 ||    55
         Ring mail         |       |    10 ||    10
  Dodge: Dodged            |    40 |    40 ||    80

Table legend:
 A = Non-vault XP
 B = Vault XP
 C = Vault XP percentage of total XP
 D = Non-vault monster count
 E = Vault monster count
 F = Vault count percentage of total count
                 A         B        C        D         E       F
            +---------+---------+-------+---------+---------+-------
      Total |     442 |      15 |   3.3 |      71 |       2 |   2.7
            +---------+---------+-------+---------+---------+-------
        D:1 |      39 |       0 |   0.0 |      22 |       0 |   0.0
        D:2 |      63 |      15 |  19.2 |      21 |       2 |   8.7
        D:3 |     171 |       0 |   0.0 |      23 |       0 |   0.0
        D:4 |     169 |       0 |   0.0 |       5 |       0 |   0.0
            +---------+---------+-------+---------+---------+-------
